 Dungeon Crawl Stone Soup version 0.22.0 (webtiles) character file.

2081 Astral24 the Sneak (level 9, -5/58 HPs)
             Began as a Vampire Necromancer on Oct 21, 2018.
             Was a Follower of Kikubaaqudgha.
             Splashed by a brown ugly thing's acid (7 damage)
             ... on level 7 of the Dungeon on Oct 22, 2018.
             The game lasted 00:59:57 (8110 turns).

Astral24 the Sneak (Vampire Necromancer)            Turns: 8110, Time: 00:59:57

Health: -5/58      AC:  6    Str:  7    XL:     9   Next: 6%
Magic:  10/19      EV: 14    Int: 21    God:    Kikubaaqudgha [*.....]
Gold:   208        SH:  0    Dex: 14    Spells: 9/21 levels left

rFire    . . .     SeeInvis +   i - +2 dagger (venom)
rCold    . . .     Gourm    .   (no shield)
rNeg     + . .     Faith    .   r - +2 robe {MR+}
rPois    .         Spirit   .   (no helmet)
rElec    .         Reflect  .   v - +2 cloak
rCorr    .         Harm     .   p - +2 pair of gloves
MR       +....                  (no boots)
Stlth    ++++......             (no amulet)
HPRegen  0.19/turn              (no ring)
MPRegen  0.16/turn              (no ring)

@: corroded
A: fangs 3, see invisible, unbreathing
a: Bat Form, Receive Corpses, Renounce Religion


You were on level 7 of the Dungeon.
You worshipped Kikubaaqudgha.
Kikubaaqudgha was aware of your devotion.
You were not thirsty.

You visited 2 branches of the dungeon, and saw 8 of its levels.

You collected 208 gold pieces.

Inventory:

Hand Weapons
 i - a +2 dagger of venom (weapon)
Missiles
 e - 119 stones (quivered)
Armour
 n - a +1 robe of resistance
 p - a +2 pair of gloves (worn)
 r - a +2 robe of magic resistance (worn)
 v - a +2 cloak (worn)
Magical Staves
 E - an uncursed staff of poison
Wands
 a - a wand of enslavement (11)
 y - a wand of flame (29)
Scrolls
 d - a scroll of noise {unknown}
 g - 9 scrolls of remove curse
 h - 3 scrolls of enchant weapon
 t - 3 scrolls of teleportation
 x - 2 scrolls of enchant armour {unknown}
 z - 3 scrolls of fear
 F - a scroll of magic mapping {unknown}
Potions
 c - 2 potions of blood
 f - 3 potions of berserk rage
 j - 2 potions of cancellation
 k - 3 potions of curing
 l - a potion of resistance {unknown}
 m - a potion of haste {unknown}
 o - a potion of degeneration {unknown}
 q - a potion of lignification {unknown}
 s - 3 potions of ambrosia
 u - a potion of flight {unknown}
 w - a potion of agility {unknown}
 B - a potion of brilliance {unknown}
Comestibles
 C - 3 rations


   Skills:
 + Level 0.7 Fighting
 * Level 3.8 Short Blades
 * Level 4.2 Dodging
 * Level 7.4 Stealth
 * Level 6.8 Spellcasting
 * Level 1.9 Charms
 * Level 7.2 Necromancy
 * Level 2.9 Evocations


You had 9 spell levels left.
You knew the following spells:

 Your Spells              Type           Power        Failure   Level  Hunger
a - Pain                  Necr           ####         1%          1    None
b - Animate Skeleton      Necr           N/A          1%          1    None
c - Vampiric Draining     Necr           #####.....   1%          3    #......
d - Regeneration          Chrm/Necr      ####......   4%          3    #......
e - Animate Dead          Necr           N/A          4%          4    ###....

Your spell library contained the following spells:

 Spells                   Type           Power        Failure   Level  Hunger
 Sublimation of Blood     Necr           #####.....   1%          2    None


Dungeon Overview and Level Annotations

Branches:
Dungeon (7/15)             Temple (1/1) D:5

Altars:
Ashenzari
Cheibriados
Dithmenos
Elyvilon
Fedhas
Hepliaklqana
Kikubaaqudgha
Makhleb
Nemelex Xobeh
Okawaru
Trog
Vehumet
Wu Jian
Xom
Yredelemnul
Zin


Innate Abilities, Weirdness & Mutations

You have razor-sharp teeth.
You have supernaturally acute eyesight. (SInv)
You can survive without breathing.


Message History

Casting: Pain (safe; 1% risk of failure)
Confirm with . or Enter, or press ? or * to list all spells.
Aiming: Pain (safe; 1% risk of failure)
Press: ? - help, Shift-Dir - straight line, f/p - brown ugly thing
Aim: a brown ugly thing (lightly wounded, chance to defeat MR: 71%)
The brown ugly thing struggles to resist.
The brown ugly thing pecks you! The acid corrodes you!
You are splashed with acid!
The acid burns!
* * * LOW HITPOINT WARNING * * *
Casting: Pain (safe; 1% risk of failure)
Confirm with . or Enter, or press ? or * to list all spells.
Aiming: Vampiric Draining (safe; 1% risk of failure)
Press: ? - help, Shift-Dir - straight line, f/p - brown ugly thing
Aim: a brown ugly thing (lightly wounded)
The brown ugly thing is moderately wounded.
You feel life coursing into your body. The brown ugly thing pecks you!
* * * LOW HITPOINT WARNING * * *
You are splashed with acid!
The acid burns!
You die...
Kikubaaqudgha rasps: "You have failed me!
Welcome... oblivion!"

#.#####..# #.# ##.# #.#
###.### #.####....รท###
#.##..##.##..##
#.#.####'####.###
#...............#
#.######p######.#
#..............@#
###.####'####.#u####..(
##..##.##).##....Kp..
###.....###.#####...
###.####..# #.#.....#
#.......# #.......#
#########


You could see a brown ugly thing and a neutral freed slave (wandering).

Vanquished Creatures
  Pikel (D:7)
  Sigmund (D:4)
  An orc warrior (D:6)
  A sky beast (D:7)
  An ice beast (D:5)
  An ogre (D:5)
  2 bullfrogs
  2 scorpions
  A bullfrog zombie (D:5)
  A centaur zombie (D:5)
  Crazy Yiuf (D:3)
  3 orc priests
  A bullfrog skeleton (D:4)
  4 orc wizards
  A centaur skeleton (D:6)
  Jessica (D:2)
  Ijyb (D:3)
  7 worker ants
  2 hound skeletons (D:5)
  7 adders
  2 shadow imps
  An adder zombie (D:5)
  3 worms
  2 dart slugs (D:2)
  4 leopard geckos
  14 orcs
  5 bats
  3 giant cockroaches (D:1)
  5 goblins
  3 hobgoblins
  2 jackals (D:4)
  3 kobolds
  2 ball pythons
  3 frilled lizards
  2 jackal skeletons (D:5)
  A leopard gecko skeleton (D:5)
  5 rats
100 creatures vanquished.

Vanquished Creatures (collateral kills)
  An ogre (D:5)
  A worker ant (D:5)
  A hound skeleton (D:5)
  A shadow imp (D:5)
  An ooze (D:4)
5 creatures vanquished.

Grand Total: 105 creatures vanquished

Notes
Turn   | Place    | Note
-------+----------+-------------------------------------------
     0 | D:1      | Astral24 the Vampire Necromancer began the quest for the Orb.
     0 | D:1      | Reached XP level 1. HP: 13/13 MP: 3/3
   390 | D:1      | Reached XP level 2. HP: 19/19 MP: 3/5
   396 | D:1      | Learned a level 1 spell: Animate Skeleton
  1629 | D:2      | Noticed Jessica
  1642 | D:2      | Killed Jessica
  1642 | D:2      | Reached XP level 3. HP: 18/24 MP: 0/7
  1726 | D:2      | Reached skill level 1 in Short Blades
  1728 | D:2      | Reached XP level 4. HP: 20/30 MP: 1/8
  2872 | D:3      | Reached skill level 5 in Necromancy
  2872 | D:3      | Reached XP level 5. HP: 32/35 MP: 6/10
  2886 | D:3      | Learned a level 3 spell: Vampiric Draining
  2890 | D:3      | Learned a level 3 spell: Regeneration
  2910 | D:3      | Noticed Ijyb
  2922 | D:3      | Killed Ijyb
  3097 | D:3      | Found a runed door.
  3102 | D:3      | Noticed Crazy Yiuf
  3107 | D:3      | Killed Crazy Yiuf
  3444 | D:4      | Reached XP level 6. HP: 38/41 MP: 7/12
  3509 | D:4      | Learned a level 4 spell: Animate Dead
  3644 | D:4      | Noticed Sigmund
  3870 | D:4      | Killed Sigmund
  3870 | D:4      | Reached skill level 5 in Stealth
  3870 | D:4      | Reached skill level 5 in Spellcasting
  3870 | D:4      | Reached skill level 1 in Evocations
  3899 | D:4      | Reached XP level 7. HP: 44/46 MP: 0/14
  4168 | D:4      | Found a shimmering altar of Xom.
  4298 | D:5      | Entered Level 5 of the Dungeon
  4473 | D:5      | Found an iron altar of Okawaru.
  4594 | D:5      | Found a staircase to the Ecumenical Temple.
  4729 | Temple   | Entered the Ecumenical Temple
  4746 | Temple   | Became a worshipper of Kikubaaqudgha
  5178 | D:5      | Found a snail-covered altar of Cheibriados.
  5523 | D:5      | HP: 2/47 [centaur zombie (7)]
  6035 | D:5      | Reached XP level 8. HP: 48/53 MP: 16/16
  6860 | D:6      | Reached skill level 1 in Charms
  7725 | D:7      | Reached * piety under Kikubaaqudgha
  7725 | D:7      | Identified Kikubaaqudgha's Tome of Black Rites (Kikubaaqudgha gifted it to you on level 7 of the Dungeon)
  7725 | D:7      | Received a gift from Kikubaaqudgha
  7981 | D:7      | Noticed Pikel
  8004 | D:7      | Killed Pikel
  8004 | D:7      | Reached XP level 9. HP: 40/58 MP: 1/19
  8106 | D:7      | Noticed a brown ugly thing
  8110 | D:7      | HP: 2/58 [brown ugly thing (17)]
  8110 | D:7      | Splashed by a brown ugly thing's acid

Skill      XL: |  1  2  3  4  5  6  7  8 |
---------------+-------------------------+-----
Short Blades   | 1 2 3 |  3.8
Stealth        | 4 5 6 7 |  7.4
Spellcasting   | 3 4 5 6 |  6.8
Necromancy     | 5 6 7 |  7.2
Evocations     | 1 2 |  2.9
Dodging        | 3 4 |  4.2
Charms         | 1 |  1.9
Fighting       | |  0.7

Action                   |  1- 3 |  4- 6 |  7- 9 || total
-------------------------+-------+-------+-------++-------
Melee: Dagger            |     3 |    27 |   435 ||   465
       Unarmed           |     1 |       |       ||     1
       Bite              |       |     4 |    33 ||    37
       Rapier            |       |       |    27 ||    27
Throw: Stone             |       |       |    21 ||    21
 Cast: Pain              |    55 |    79 |   128 ||   262
       Animate Skeleton  |     3 |     4 |     3 ||    10
       Vampiric Draining |       |     4 |    12 ||    16
       Animate Dead      |       |     1 |     2 ||     3
       Regeneration      |       |     1 |     2 ||     3
  Use: Potion            |     2 |     7 |    13 ||    22
       Scroll            |       |     3 |    10 ||    13
 Stab: Sleeping          |       |       |     2 ||     2
Armor: Robe              |     4 |    15 |   227 ||   246
Dodge: Dodged            |     7 |    25 |   381 ||   413
